TOP OF THE 1ST |
Mobile BayBears batting - Pitching for Mississippi Braves : RHP Jeff Olech
|
Pitching: RHP Jeff Olech
|
|
Batting: LHB Kevin Ferguson
|
0-0: Foul Ball, location: 2F 0-1: Ball 1-1: Called Strike 1-2: SINGLE (Groundball, 34D, EV 105.0 MPH) (infield hit)
|
Batting: RHB Edgar Garcia
|
0-0: Foul Ball, location: 2F 0-1: Ball 1-1: Foul Ball, location: 2F 1-2: Ball 2-2: Strikes out swinging
|
Batting: LHB T.J. Duvall
|
0-0: Called Strike 0-1: Ball 1-1: Foul Ball, location: 2F 1-2: Ball 2-2: Ball 3-2: 2-RUN HOME RUN (Flyball, 9LD, EV 98.1 MPH), Distance : 357 ft
|
Batting: RHB Carlos Ballesteros
|
0-0: Called Strike 0-1: Swinging Strike 0-2: Ball 1-2: Strikes out looking
|
Batting: RHB Franklin Villanueva
|
0-0: Ball 1-0: Foul Ball, location: 2F 1-1: Foul Ball, location: 2F 1-2: Foul Ball, location: 2F 1-2: Ball 2-2: Foul Ball, location: 2F 2-2: Strikes out looking
|
Top of the 1st over - 2 runs, 2 hits, 0 errors, 0 left on base; Mobile 2 - Mississippi 0 |
BOTTOM OF THE 1ST |
Mississippi Braves batting - Pitching for Mobile BayBears : RHP Reynaldo Edwards
|
Pitching: RHP Reynaldo Edwards
|
|
Batting: RHB Edgar Castillo
|
0-0: Called Strike 0-1: Swinging Strike 0-2: Foul Ball, location: 2F 0-2: Strikes out swinging, 2-3 out at first.
|
Batting: RHB Joe Young
|
0-0: Foul Ball, location: 2F 0-1: Ball 1-1: Fly out, F9 (Flyball, 9, EV 93.8 MPH)
|
Batting: SHB Richello Badua
|
0-0: Foul Ball, location: 2F 0-1: Ball 1-1: Foul Ball, location: 2F 1-2: Fly out, F7 (Line Drive, 7, EV 95.6 MPH)
|
Bottom of the 1st over - 0 runs, 0 hits, 0 errors, 0 left on base; Mobile 2 - Mississippi 0 |
TOP OF THE 2ND |
Mobile BayBears batting - Pitching for Mississippi Braves : RHP Jeff Olech
|
Batting: LHB Enrique Andrade
|
0-0: Ball 1-0: Called Strike 1-1: Foul Ball, location: 2F 1-2: Ball 2-2: Foul Ball, location: 2F 2-2: Fly out, F9 (Line Drive, 9S, EV 94.4 MPH)
|
Batting: SHB Ed Vargas
|
0-0: Called Strike 0-1: Called Strike 0-2: SINGLE (Groundball, 4S, EV 73.1 MPH) (infield hit)
|
Batting: RHB Yasuo Nakata
|
0-0: Foul Ball, location: 2F 0-1: Ball Wild Pitch! Ed Vargas to second 1-1: Ball 2-1: Ball 3-1: Ground out 6-3 (Groundball, 6, EV 91.2 MPH)
|
Batting: RHB Andy Cunningham
|
0-0: Ball 1-0: Fly out, F9 (Flyball, 89D, EV 102.5 MPH)
|
Top of the 2nd over - 0 runs, 1 hit, 0 errors, 1 left on base; Mobile 2 - Mississippi 0 |
BOTTOM OF THE 2ND |
Mississippi Braves batting - Pitching for Mobile BayBears : RHP Reynaldo Edwards
|
Batting: LHB Art D'Ascenzo
|
0-0: Ground out 5-3 (Groundball, 6, EV 96.9 MPH)
|
Batting: RHB Corey Dalton
|
0-0: Ball 1-0: Swinging Strike 1-1: SINGLE (Groundball, 6D, EV 106.2 MPH)
|
Batting: LHB Ryan Murdock
|
0-0: Ball 1-0: Called Strike 1-1: DOUBLE (Line Drive, 7LS, EV 108.8 MPH) Corey Dalton to third Runner from 3rd tries for Home, throw by LF and OUT! 7-6-2 Ryan Murdock to third
|
Batting: RHB Alex Velasquez
|
0-0: Called Strike 0-1: Ball 1-1: Called Strike 1-2: Ball 2-2: Strikes out swinging
|
Bottom of the 2nd over - 0 runs, 2 hits, 0 errors, 1 left on base; Mobile 2 - Mississippi 0 |
TOP OF THE 3RD |
Mobile BayBears batting - Pitching for Mississippi Braves : RHP Jeff Olech
|
Batting: LHB Kevin Ferguson
|
0-0: Called Strike 0-1: Ball 1-1: Ball 2-1: Foul Ball, location: 2F 2-2: Ground out 2-3 (Groundball, 13S, EV 71.2 MPH)
|
Batting: RHB Edgar Garcia
|
0-0: Ball 1-0: Called Strike 1-1: Fly out, F8 (Flyball, 8LM, EV 90.0 MPH)
|
Batting: LHB T.J. Duvall
|
0-0: Ball 1-0: Ball 2-0: Ball 3-0: Base on Balls
|
Batting: RHB Carlos Ballesteros
|
0-0: Ball 1-0: Ball 2-0: Called Strike 2-1: Ground out 4-3 (Groundball, 4, EV 83.8 MPH)
|
Top of the 3rd over - 0 runs, 0 hits, 0 errors, 1 left on base; Mobile 2 - Mississippi 0 |
BOTTOM OF THE 3RD |
Mississippi Braves batting - Pitching for Mobile BayBears : RHP Reynaldo Edwards
|
Batting: RHB Ingidayehu Lagat
|
0-0: Ground out 6-3 (Groundball, 6, EV 85.0 MPH)
|
Batting: RHB Adrian Billups
|
0-0: Called Strike 0-1: Ball 1-1: Ball 2-1: Swinging Strike 2-2: SINGLE (Groundball, 56D, EV 103.1 MPH)
|
Batting: RHB Edgar Castillo
|
0-0: Called Strike 0-1: Grounds into double play, 4-6-3 (Groundball, 4, EV 102.5 MPH)
|
Bottom of the 3rd over - 0 runs, 1 hit, 0 errors, 0 left on base; Mobile 2 - Mississippi 0 |
TOP OF THE 4TH |
Mobile BayBears batting - Pitching for Mississippi Braves : RHP Jeff Olech
|
Batting: RHB Franklin Villanueva
|
0-0: Ball 1-0: Ball 2-0: Ball 3-0: Called Strike 3-1: Ground out 6-3 (Groundball, 6M, EV 101.2 MPH)
|
Batting: LHB Enrique Andrade
|
0-0: Ball 1-0: Called Strike 1-1: Ground out 6-3 (Groundball, 56, EV 98.8 MPH)
|
Batting: SHB Ed Vargas
|
0-0: Called Strike 0-1: Fly out, F8 (Flyball, 8LD, EV 88.1 MPH)
|
Top of the 4th over - 0 runs, 0 hits, 0 errors, 0 left on base; Mobile 2 - Mississippi 0 |
BOTTOM OF THE 4TH |
Mississippi Braves batting - Pitching for Mobile BayBears : RHP Reynaldo Edwards
|
Batting: RHB Joe Young
|
0-0: Called Strike 0-1: SINGLE (Line Drive, 9S, EV 88.8 MPH)
|
Batting: SHB Richello Badua
|
0-0: Ball 1-0: Ball Joe Young steals 2nd base 2-0: Foul Ball, location: 2F 2-1: SINGLE (Line Drive, 5D, EV 96.2 MPH) Joe Young to third Runner from 3rd tries for Home, SAFE, throw by LF to home
|
Batting: LHB Art D'Ascenzo
|
0-0: Ball Richello Badua is caught stealing 2nd base 2-6 1-0: Called Strike 1-1: Ball 2-1: Ball 3-1: Swinging Strike 3-2: Foul Ball, location: 2F 3-2: Foul Ball, location: 2F 3-2: Fly out, F6 (Line Drive, 4M, EV 68.8 MPH)
|
Batting: RHB Corey Dalton
|
0-0: Swinging Strike 0-1: Ground out 6-3 (Groundball, 6, EV 103.8 MPH)
|
Bottom of the 4th over - 1 run, 2 hits, 0 errors, 0 left on base; Mobile 2 - Mississippi 1 |
TOP OF THE 5TH |
Mobile BayBears batting - Pitching for Mississippi Braves : RHP Jeff Olech
|
Batting: RHB Yasuo Nakata
|
0-0: SINGLE (Line Drive, 6MD, EV 101.9 MPH)
|
Batting: RHB Andy Cunningham
|
0-0: Called Strike 0-1: Swinging Strike 0-2: Grounds into double play, 4-6-3 (Groundball, 4, EV 104.4 MPH)
|
Batting: LHB Kevin Ferguson
|
0-0: Called Strike 0-1: Ball 1-1: Ball 2-1: Foul Ball, location: 2F 2-2: Fly out, F7 (Flyball, 7S, EV 86.9 MPH)
|
Top of the 5th over - 0 runs, 1 hit, 0 errors, 0 left on base; Mobile 2 - Mississippi 1 |
BOTTOM OF THE 5TH |
Mississippi Braves batting - Pitching for Mobile BayBears : RHP Reynaldo Edwards
|
Batting: LHB Ryan Murdock
|
0-0: Swinging Strike 0-1: Foul Ball, location: 2F 0-2: Ball 1-2: Ground out 4-3 (Groundball, 4, EV 101.2 MPH)
|
Batting: RHB Alex Velasquez
|
0-0: Foul Ball, location: 2F 0-1: Called Strike 0-2: Ball 1-2: SINGLE (Groundball, 23, EV 64.4 MPH) (infield hit)
|
Batting: RHB Ingidayehu Lagat
|
0-0: Ball 1-0: Called Strike Alex Velasquez steals 2nd base 1-1: Ball 2-1: Ground out 2-3 (Groundball, 2L, EV 71.2 MPH) Alex Velasquez to third
|
Batting: RHB Adrian Billups
|
0-0: Ball 1-0: Foul Ball, location: 2F 1-1: SINGLE (Groundball, 56S, EV 71.9 MPH) (infield hit) Alex Velasquez scores
|
Batting: RHB Edgar Castillo
|
0-0: Ball Adrian Billups steals 2nd base 1-0: Ball 2-0: Ground out 5-3 (Groundball, 56, EV 80.6 MPH)
|
Bottom of the 5th over - 1 run, 2 hits, 0 errors, 1 left on base; Mobile 2 - Mississippi 2 |
TOP OF THE 6TH |
Mobile BayBears batting - Pitching for Mississippi Braves : RHP Jeff Olech
|
Batting: RHB Edgar Garcia
|
0-0: Ground out 2-3 (Groundball, 15S, EV 68.8 MPH)
|
Batting: LHB T.J. Duvall
|
0-0: Foul Ball, location: 2F 0-1: Ball 1-1: Swinging Strike 1-2: Foul Ball, location: 2F 1-2: Strikes out swinging
|
Batting: RHB Carlos Ballesteros
|
0-0: Foul Ball, location: 2F 0-1: Ball 1-1: Ground out U3 (Groundball, 34S, EV 79.4 MPH)
|
Top of the 6th over - 0 runs, 0 hits, 0 errors, 0 left on base; Mobile 2 - Mississippi 2 |
BOTTOM OF THE 6TH |
Mississippi Braves batting - Pitching for Mobile BayBears : RHP Reynaldo Edwards
|
Batting: RHB Joe Young
|
0-0: Swinging Strike 0-1: Ball 1-1: Foul Ball, location: 2F 1-2: Ball 2-2: Ball 3-2: Ground out 5-3 (Groundball, 56S, EV 69.4 MPH)
|
Batting: SHB Richello Badua
|
0-0: Ball 1-0: Swinging Strike 1-1: DOUBLE (Line Drive, 3D, EV 103.8 MPH)
|
Batting: LHB Art D'Ascenzo
|
0-0: Intentional Walk
|
Batting: RHB Corey Dalton
|
0-0: Grounds into double play, 5-4-3 (Groundball, 5, EV 88.8 MPH)
|
Bottom of the 6th over - 0 runs, 1 hit, 0 errors, 1 left on base; Mobile 2 - Mississippi 2 |
TOP OF THE 7TH |
Mobile BayBears batting - Pitching for Mississippi Braves : RHP Jeff Olech
|
Batting: RHB Franklin Villanueva
|
0-0: Called Strike 0-1: Ball 1-1: Fly out, F4 (Popup, 4S, EV 78.8 MPH)
|
Pitching: LHP Andy Gaiser
|
|
Pinch Hitting: RHB Chris Bittner
|
0-0: Ball 1-0: Ball 2-0: Foul Ball, location: 2F 2-1: Ball 3-1: Swinging Strike 3-2: SINGLE (Flyball, 6D, EV 90.0 MPH)
|
Batting: SHB Ed Vargas
|
0-0: Swinging Strike 0-1: Foul Ball, location: 2F 0-2: Foul Ball, location: 2F 0-2: Hit by Pitch Chris Bittner to second
|
Batting: RHB Yasuo Nakata
|
0-0: Called Strike 0-1: Fielders Choice at 2nd, 4-6 (Groundball, 4, EV 103.8 MPH) Chris Bittner to third
|
Batting: RHB Andy Cunningham
|
0-0: Called Strike 0-1: Ball 1-1: Ball 2-1: Ground out 4-3 (Groundball, 34, EV 85.6 MPH)
|
Top of the 7th over - 0 runs, 1 hit, 0 errors, 2 left on base; Mobile 2 - Mississippi 2 |
BOTTOM OF THE 7TH |
Mississippi Braves batting - Pitching for Mobile BayBears : RHP Reynaldo Edwards
|
Now in RF: Will Washburn
|
|
Batting: LHB Ryan Murdock
|
0-0: Ball 1-0: Called Strike 1-1: Ball 2-1: SINGLE (Flyball, 78S, EV 96.2 MPH)
|
Batting: RHB Alex Velasquez
|
0-0: Called Strike Ryan Murdock steals 2nd base 0-1: Called Strike 0-2: Foul Ball, location: 2F 0-2: Foul Ball, location: 2F 0-2: SINGLE (Groundball, 34D, EV 101.9 MPH) Ryan Murdock to third
|
Batting: RHB Ingidayehu Lagat
|
0-0: Ball Alex Velasquez steals 2nd, throwing error, E2 Ryan Murdock scores Alex Velasquez to third 1-0: Fly out, F7 (Flyball, 78M, EV 75.6 MPH)
|
Batting: RHB Adrian Billups
|
0-0: Called Strike 0-1: Ball 1-1: Ground out 6-3 (Groundball, 6, EV 81.9 MPH)
|
Pitching: RHP Adam Maida
|
|
Batting: RHB Edgar Castillo
|
0-0: Ball 1-0: Called Strike 1-1: Foul Ball, location: 2F 1-2: DOUBLE (Groundball, 5L, EV 100.0 MPH) Alex Velasquez scores
|
Batting: RHB Joe Young
|
0-0: SINGLE (Line Drive, 6M, EV 98.8 MPH) Edgar Castillo to third Runner from 3rd tries for Home, SAFE, throw by CF to home Joe Young to second
|
Batting: SHB Richello Badua
|
0-0: Ground out U3 (Groundball, 34S, EV 78.8 MPH)
|
Bottom of the 7th over - 3 runs, 4 hits, 1 error, 1 left on base; Mobile 2 - Mississippi 5 |
TOP OF THE 8TH |
Mobile BayBears batting - Pitching for Mississippi Braves : LHP Andy Gaiser
|
Pitching: RHP Frank Schulman
|
|
Batting: LHB Kevin Ferguson
|
0-0: SINGLE (Line Drive, 34, EV 103.8 MPH)
|
Batting: LHB Bob Myers
|
0-0: Fielders Choice at 2nd, 4-6 (Groundball, 4M, EV 80.0 MPH)
|
Pitching: LHP Shinya Taira
|
|
Pinch Hitting: RHB Blake Beale
|
0-0: Ball 1-0: Ball 2-0: SINGLE (Line Drive, 7S, EV 90.0 MPH) Bob Myers to second
|
Batting: RHB Carlos Ballesteros
|
0-0: Fly out, F7 (Flyball, 7, EV 91.2 MPH)
|
Batting: RHB Franklin Villanueva
|
0-0: Foul Ball, location: 2F 0-1: Ball 1-1: Called Strike 1-2: Ball 2-2: Foul Ball, location: 2F 2-2: Ball 3-2: Base on Balls Bob Myers to third Blake Beale to second
|
Batting: RHB Will Washburn
|
0-0: Called Strike 0-1: Ball 1-1: Foul Ball, location: 2F 1-2: Strikes out swinging
|
Top of the 8th over - 0 runs, 2 hits, 0 errors, 3 left on base; Mobile 2 - Mississippi 5 |
BOTTOM OF THE 8TH |
Mississippi Braves batting - Pitching for Mobile BayBears : RHP Adam Maida
|
Now at 1B: Jeremy Adams
|
|
Batting: LHB Art D'Ascenzo
|
0-0: Called Strike 0-1: Swinging Strike 0-2: Ball 1-2: Ball 2-2: Foul Ball, location: 2F 2-2: Strikes out swinging
|
Batting: RHB Corey Dalton
|
0-0: Called Strike 0-1: Foul Ball, location: 2F 0-2: Ball 1-2: Fly out, F8 (Flyball, 8RD, EV 96.9 MPH)
|
Batting: LHB Ryan Murdock
|
0-0: Called Strike 0-1: Fly out, F6 (Flyball, 56D, EV 91.2 MPH)
|
Bottom of the 8th over - 0 runs, 0 hits, 0 errors, 0 left on base; Mobile 2 - Mississippi 5 |
TOP OF THE 9TH |
Mobile BayBears batting - Pitching for Mississippi Braves : LHP Shinya Taira
|
Pitching: RHP Omar Orosco
|
|
Batting: SHB Ed Vargas
|
0-0: Hit by Pitch
|
Batting: RHB Yasuo Nakata
|
0-0: Called Strike 0-1: Foul Ball, location: 2F 0-2: Ball Wild Pitch! Ed Vargas to second 1-2: Ball 2-2: Strikes out swinging
|
Pinch Hitting: SHB Harrison McLaughlin
|
0-0: Called Strike 0-1: Ball 1-1: Ball 2-1: Called Strike 2-2: Strikes out swinging
|
Batting: LHB Kevin Ferguson
|
0-0: Called Strike 0-1: Ball 1-1: Foul Ball, location: 2F 1-2: Ground out 6-3 (Groundball, 6, EV 99.4 MPH)
|
Top of the 9th over - 0 runs, 0 hits, 0 errors, 1 left on base; Mobile 2 - Mississippi 5 |
|